AoeStats
← Jim_Raynor

Black Forest

509985327Analyzed
3v3 RM · 3d ago on Sep 28, 2026· 45m 50s· 6 players
Game mode
Random Map
Map size
Normal (6 player)
Population
200
Speed
Normal
Resources
Standard
Victory
Conquest
Starting age
Dark Age
Ending age
Imperial Age
RankedLock teamsTeams togetherTeam positionsShared explorationLock speedFull tech treeHidden civsTurbo modeCheats
Victory
Defeat
🇦🇷 Saracens · Argentina
1324
+13
🇦🇷 Poles · Argentina
1237
+16
🇦🇷 Cumans · Argentina
1230
+17
🇦🇷 Turks · Argentina
1268
-16
🇨🇱 Inca · Chile
1253
-16
🇬🇧 Poles · United Kingdom
1221
-14
Lilita Carrió
9:35 Feudal Age
10:17 Double-Bit Axe
17:05 Horse Collar
18:53 Loom
23:49 Wheelbarrow
27:03 Castle Age
26:12 Town Watch
26:53 Bloodlines
28:05 Bow Saw
27:57 Heavy Plow
27:56 Gold Mining
27:56 Stone Mining
32:38 Imperial Age
31:31 Scale Barding Armor
33:09 Chain Barding Armor
32:59 Forging
34:54 Plate Barding Armor
35:49 Two-Man Saw
35:21 Crop Rotation
35:20 Elite Steppe Lancer
36:18 Steppe Husbandry
38:51 Iron Casting
37:40 Light Cavalry
39:13 Padded Archer Armor
39:03 Fletching
38:40 Cavalier
39:46 Caravan
39:35 Hussar
41:40 Blast Furnace
42:15 Gold Shaft Mining
45:56 Bodkin Arrow
46:16 Leather Archer Armor
C h u c k
6:14 Loom
8:48 Feudal Age
12:31 Town Watch
12:48 Fletching
15:03 Padded Archer Armor
18:18 Double-Bit Axe
18:13 Horse Collar
24:26 Castle Age
23:15 Forging
24:58 Crossbowman
25:34 Bodkin Arrow
26:02 Bow Saw
27:50 Heavy Plow
29:42 Town Watch
31:53 Leather Archer Armor
31:58 Thumb Ring
34:08 Wheelbarrow
34:20 Town Patrol
36:20 Gold Mining
36:58 Hand Cart
37:41 Ballistics
43:01 Imperial Age
41:55 Masonry
42:28 Scale Barding Armor
42:33 Forging
43:38 Chain Barding Armor
43:07 Arbalester
43:48 Bracer
45:07 Ring Archer Armor
45:43 Chemistry
46:34 Two-Man Saw
46:20 Conscription
45:47 Elite Skirmisher
Calavera
0:36 Loom
12:36 Feudal Age
13:34 Horse Collar
13:40 Double-Bit Axe
25:02 Castle Age
25:19 Bloodlines
25:16 Scale Barding Armor
25:21 Forging
25:46 Husbandry
26:06 Heavy Plow
26:17 Bow Saw
25:40 Light Cavalry
26:42 Chain Barding Armor
27:33 Iron Casting
30:42 Szlachta Privileges
38:52 Imperial Age
38:57 Cavalier
40:40 Blast Furnace
39:32 Winged Hussar
41:03 Conscription
42:16 Crop Rotation
44:33 Cavalier
Jim_Raynor
0:32 Loom
11:53 Feudal Age
17:16 Castle Age
17:45 Town Watch
19:15 Scale Barding Armor
20:58 Wheelbarrow
20:54 Forging
23:53 Chain Barding Armor
23:59 Husbandry
26:07 Double-Bit Axe
26:09 Horse Collar
27:50 Heavy Plow
33:44 Imperial Age
31:16 Gold Mining
31:57 Bow Saw
33:29 Ballistics
34:03 Gold Shaft Mining
34:02 Hand Cart
34:51 Conscription
34:58 Parthian Tactics
34:38 Padded Archer Armor
34:29 Fletching
36:37 Sipahi
37:21 Bloodlines
37:12 Bodkin Arrow
37:33 Leather Archer Armor
38:39 Thumb Ring
39:15 Bracer
39:34 Heavy Camel Rider
40:38 Artillery
42:05 Ring Archer Armor
42:09 Murder Holes
42:34 Bombard Tower
42:49 Heavy Cavalry Archer
44:42 Plate Barding Armor
46:28 Iron Casting
zoibe
4:56 Loom
11:58 Feudal Age
12:24 Double-Bit Axe
17:55 Castle Age
16:40 Forging
16:42 Horse Collar
18:35 Bloodlines
18:40 Heavy Plow
20:33 Gold Mining
20:31 Loom
21:37 Scale Barding Armor
24:54 Wheelbarrow
24:41 Bow Saw
25:41 Wheelbarrow
28:01 Stone Mining
29:55 Iron Casting
29:49 Husbandry
30:11 Town Watch
30:41 Hand Cart
34:58 Szlachta Privileges
35:49 Chain Barding Armor
beiza -opsleagues
4:27 Loom
10:53 Feudal Age
16:43 Castle Age
17:55 Fletching
27:45 Double-Bit Axe
27:41 Horse Collar
30:26 Bow Saw
30:18 Heavy Plow
35:04 Wheelbarrow
35:11 Elite Skirmisher
Connection lost

Rejoining the realm…

Still unreachable

The connection could not be restored.

Session expired

The server has moved on; the page needs a fresh start.